NWL (28 & UNDER)
CULVER CITY EXTRAS @ CASPER GHOSTS
08/28/2028
 
TOP OF THE 1ST
Culver City Extras batting - Pitching for Casper Ghosts : RHP Carl Willis
Pitching: RHP Carl Willis
Batting: RHB Augusto Trevino 0-0: Swinging Strike
0-1: Ball
1-1: Swinging Strike
1-2: Strikes out swinging
Batting: RHB Artie Pennington 0-0: Ball
1-0: Called Strike
1-1: Ball
2-1: Called Strike
2-2: Ball
3-2: Ground out 4-3 (Groundball, 4)
Batting: SHB Juan Carlos Mesa 0-0: Ball
1-0: Ball
2-0: Foul Ball, location: 2F
2-1: Ground out 4-3 (Groundball, 4)
Top of the 1st over - 0 run(s), 0 hit(s), 0 error(s), 0 left on base; Culver City 0 - Casper 0
BOTTOM OF THE 1ST
Casper Ghosts batting - Pitching for Culver City Extras : RHP Juan Figueroa
Pitching: RHP Juan Figueroa
Batting: RHB James Jenkins 0-0: Called Strike
0-1: Ground out 5-3 (Groundball, 56)
Batting: LHB Ramón Córdova 0-0: Ball
1-0: Ball
2-0: Called Strike
2-1: Foul Ball, location: 2F
2-2: Foul Ball, location: 2F
2-2: Reached on error, E6 (Groundball, 6)
Batting: SHB Dave Henley 0-0: Foul Ball, location: 2F
0-1: Foul Ball, location: 2F
0-2: Ball
1-2: Ball
2-2: Foul Ball, location: 2F
2-2: Ground out 4-3 (Groundball, 34)
Ramón Córdova to third
Batting: RHB Juan García 0-0: Fly out, F8 (Flyball, 8RXD)
Bottom of the 1st over - 0 run(s), 0 hit(s), 1 error(s), 1 left on base; Culver City 0 - Casper 0
TOP OF THE 2ND
Culver City Extras batting - Pitching for Casper Ghosts : RHP Carl Willis
Batting: RHB Eugene Booth 0-0: Ball
1-0: Ball
2-0: Foul Ball, location: 2F
2-1: Ground out 4-3 (Groundball, 4)
Batting: LHB Collin Smith 0-0: Called Strike
0-1: Called Strike
0-2: Strikes out swinging
Batting: RHB Ramón Molina 0-0: Called Strike
0-1: Swinging Strike
0-2: Ball
1-2: SINGLE (Groundball, 4D)
Batting: LHB Richard Bell 0-0: Ball
1-0: Called Strike
Ramón Molina is caught stealing 2nd base
Top of the 2nd over - 0 run(s), 1 hit(s), 0 error(s), 0 left on base; Culver City 0 - Casper 0
BOTTOM OF THE 2ND
Casper Ghosts batting - Pitching for Culver City Extras : RHP Juan Figueroa
Batting: RHB Wilfred Martin 0-0: Called Strike
0-1: Ball
1-1: Foul Ball, location: 2F
1-2: Ground out 6-3 (Groundball, 6)
Batting: SHB José González 0-0: Foul Ball, location: 2F
0-1: Ball
1-1: Ball
2-1: DOUBLE (Flyball, 8RXD)
Batting: RHB Robert Acosta 0-0: Ball
1-0: Called Strike
1-1: Reached on error, E4 (Popup, 4D)
José González to third
Batting: RHB Hunter Plunket 0-0: Ball
1-0: Called Strike
1-1: Foul Ball, location: 2F
1-2: SINGLE (Groundball, 5L) (infield hit)
José González scores
Robert Acosta to second
Batting: LHB Ralph Cobb 0-0: Foul Ball, location: 2F
0-1: Called Strike
0-2: Ball
1-2: Foul Ball, location: 2F
1-2: Reached on error, E6 (Groundball, 6)
Robert Acosta to third
Hunter Plunket to second
Batting: RHB James Jenkins 0-0: Called Strike
0-1: SINGLE (Groundball, 25) (infield hit)
Robert Acosta scores
Hunter Plunket to third
Ralph Cobb to second
Batting: LHB Ramón Córdova 0-0: Called Strike
0-1: Swinging Strike
0-2: Ball
1-2: Ball
2-2: Ball
3-2: Base on Balls
Hunter Plunket scores
Ralph Cobb to third
James Jenkins to second
Batting: SHB Dave Henley 0-0: Called Strike
0-1: Swinging Strike
0-2: Ball
1-2: Foul Ball, location: 2F
1-2: Grounds into double play, 4-6-3 (Groundball, 34)
Bottom of the 2nd over - 3 run(s), 3 hit(s), 2 error(s), 2 left on base; Culver City 0 - Casper 3
TOP OF THE 3RD
Culver City Extras batting - Pitching for Casper Ghosts : RHP Carl Willis
Batting: LHB Richard Bell 0-0: Swinging Strike
0-1: Fly out, F5 (Popup, 5L)
Batting: LHB Jorge Martínez 0-0: Ball
1-0: DOUBLE (Line Drive, 89M)
Batting: LHB Francisco Chavero 0-0: Ball
1-0: Called Strike
1-1: Ball
2-1: Foul Ball, location: 2F
2-2: Foul Ball, location: 2F
2-2: SINGLE (Groundball, 34D)
Jorge Martínez to third
Batting: RHB Augusto Trevino 0-0: Ball
1-0: Called Strike
1-1: Fly out, F9 (Flyball, 89M)
Runner from 3rd tags up, SCORES, no throw
Batting: RHB Artie Pennington 0-0: Ball
1-0: Called Strike
1-1: SINGLE (Groundball, 4MD)
Francisco Chavero to second
Batting: SHB Juan Carlos Mesa 0-0: Called Strike
0-1: Fly out, F8 (Flyball, 8RM)
Top of the 3rd over - 1 run(s), 3 hit(s), 0 error(s), 2 left on base; Culver City 1 - Casper 3
BOTTOM OF THE 3RD
Casper Ghosts batting - Pitching for Culver City Extras : RHP Juan Figueroa
Batting: RHB Juan García 0-0: Swinging Strike
0-1: Ball
1-1: Ball
2-1: SINGLE (Groundball, 6D)
Batting: RHB Wilfred Martin 0-0: Ball
1-0: Ball
2-0: Called Strike
2-1: Called Strike
2-2: Ball
3-2: Fly out, F8 (Line Drive, 8LD)
Batting: SHB José González 0-0: Ball
1-0: Grounds into double play, 6-4-3 (Groundball, 6)
Bottom of the 3rd over - 0 run(s), 1 hit(s), 0 error(s), 0 left on base; Culver City 1 - Casper 3
TOP OF THE 4TH
Culver City Extras batting - Pitching for Casper Ghosts : RHP Carl Willis
Batting: RHB Eugene Booth 0-0: Called Strike
0-1: Foul Ball, location: 2F
0-2: Ball
1-2: Ball
2-2: Strikes out swinging
Batting: LHB Collin Smith 0-0: Ball
1-0: Called Strike
1-1: Foul Ball, location: 2F
1-2: Foul Ball, location: 2F
1-2: Strikes out swinging
Batting: RHB Ramón Molina 0-0: Foul Ball, location: 2F
0-1: Ball
1-1: SINGLE (Groundball, 56) (infield hit)
Batting: LHB Richard Bell 0-0: Called Strike
0-1: Ball
1-1: Foul Ball, location: 2F
1-2: Ground out 5-3 (Groundball, 56S)
Top of the 4th over - 0 run(s), 1 hit(s), 0 error(s), 1 left on base; Culver City 1 - Casper 3
BOTTOM OF THE 4TH
Casper Ghosts batting - Pitching for Culver City Extras : RHP Juan Figueroa
Batting: RHB Robert Acosta 0-0: Ball
1-0: Ball
2-0: Foul Ball, location: 2F
2-1: Ball
3-1: Base on Balls
Batting: RHB Hunter Plunket 0-0: Called Strike
0-1: Grounds into double play, 5-4-3 (Groundball, 56)
Batting: LHB Ralph Cobb 0-0: Fly out, F8 (Flyball, 8RS)
Bottom of the 4th over - 0 run(s), 0 hit(s), 0 error(s), 0 left on base; Culver City 1 - Casper 3
TOP OF THE 5TH
Culver City Extras batting - Pitching for Casper Ghosts : RHP Carl Willis
Batting: LHB Jorge Martínez 0-0: Called Strike
0-1: Foul Ball, location: 2F
0-2: Ball
1-2: SINGLE (Groundball, 4MD)
Batting: LHB Francisco Chavero 0-0: Called Strike
0-1: Ball
1-1: SINGLE (Flyball, 7S)
Jorge Martínez to second
Batting: RHB Augusto Trevino 0-0: Ball
1-0: Foul Ball, location: 2F
1-1: Swinging Strike
1-2: Ball
2-2: Foul Ball, location: 2F
2-2: Ball
3-2: Base on Balls
Jorge Martínez to third
Francisco Chavero to second
Batting: RHB Artie Pennington 0-0: Foul Ball, location: 2F
0-1: Called Strike
0-2: Foul Ball, location: 2F
0-2: Ball
1-2: Ball
2-2: Foul Ball, location: 2F
2-2: Ball
3-2: Base on Balls
Jorge Martínez scores
Francisco Chavero to third
Augusto Trevino to second
Batting: SHB Juan Carlos Mesa 0-0: Ball
1-0: SINGLE (Groundball, 4MD)
Francisco Chavero scores
Augusto Trevino to third
Artie Pennington to second
Runner from 3rd tries for Home, SAFE, no throw
Batting: RHB Eugene Booth 0-0: Ball
1-0: Ball
2-0: Called Strike
2-1: Foul Ball, location: 2F
2-2: SINGLE (Groundball, 6D)
Artie Pennington to third
Juan Carlos Mesa to second
Runner from 3rd tries for Home, throw and OUT!
Juan Carlos Mesa to third
Eugene Booth to second
Batting: LHB Collin Smith 0-0: Called Strike
0-1: Swinging Strike
0-2: Ball
1-2: Foul Ball, location: 2F
1-2: Ball
2-2: DOUBLE (Line Drive, 9D)
Juan Carlos Mesa scores
Eugene Booth scores
Pitching: RHP Ray Adams
Batting: RHB Ramón Molina 0-0: Foul Ball, location: 2F
0-1: Reached on error, E6 (Groundball, 6)
Collin Smith scores
Batting: LHB Richard Bell 0-0: Ball
1-0: Called Strike
1-1: Ground out 6-3 (Groundball, 6)
Batting: LHB Jorge Martínez 0-0: Called Strike
0-1: Ball
1-1: Called Strike
1-2: Ball
2-2: Strikes out swinging
Top of the 5th over - 6 run(s), 5 hit(s), 1 error(s), 1 left on base; Culver City 7 - Casper 3
BOTTOM OF THE 5TH
Casper Ghosts batting - Pitching for Culver City Extras : RHP Juan Figueroa
Batting: RHB James Jenkins 0-0: Called Strike
0-1: Ground out 6-3 (Groundball, 6)
Batting: LHB Ramón Córdova 0-0: Ball
1-0: Ball
2-0: Ball
3-0: Base on Balls
Batting: SHB Dave Henley 0-0: Ball
1-0: Foul Ball, location: 2F
1-1: Ball
2-1: Ball
Ramón Córdova steals 2nd base
3-1: Base on Balls
Batting: RHB Juan García 0-0: Called Strike
0-1: Ball
1-1: Ball
2-1: Grounds into double play, 5-4-3 (Groundball, 5)
Bottom of the 5th over - 0 run(s), 0 hit(s), 0 error(s), 1 left on base; Culver City 7 - Casper 3
TOP OF THE 6TH
Culver City Extras batting - Pitching for Casper Ghosts : RHP Ray Adams
Batting: LHB Francisco Chavero 0-0: Ball
1-0: Ball
2-0: Ball
3-0: Called Strike
3-1: Base on Balls
Batting: RHB Augusto Trevino 0-0: Ball
1-0: Ball
2-0: Foul Ball, location: 2F
2-1: Ball
3-1: Foul Ball, location: 2F
3-2: Base on Balls
Francisco Chavero to second
Batting: RHB Artie Pennington 0-0: Ball
1-0: Called Strike
1-1: Swinging Strike
1-2: Strikes out swinging
Batting: SHB Juan Carlos Mesa 0-0: Called Strike
0-1: Swinging Strike
0-2: Foul Ball, location: 2F
0-2: Ball
1-2: Strikes out swinging
Batting: RHB Eugene Booth 0-0: Called Strike
0-1: Called Strike
0-2: Strikes out swinging
Top of the 6th over - 0 run(s), 0 hit(s), 0 error(s), 2 left on base; Culver City 7 - Casper 3
BOTTOM OF THE 6TH
Casper Ghosts batting - Pitching for Culver City Extras : RHP Juan Figueroa
Batting: RHB Wilfred Martin 0-0: DOUBLE (Line Drive, 7D)
Batting: SHB José González 0-0: Ball
1-0: Foul Ball, location: 2F
1-1: Ball
2-1: Swinging Strike
2-2: Foul Ball, location: 2F
2-2: Foul Ball, location: 2F
2-2: SINGLE (Line Drive, 4M)
Wilfred Martin to third
Runner from 3rd tries for Home, SAFE, throw made home
José González to second
Batting: RHB Robert Acosta 0-0: Ball
1-0: Ground out 6-3 (Groundball, 6M)
José González to third
Batting: RHB Hunter Plunket 0-0: Ball
1-0: Ball
2-0: Called Strike
2-1: Foul Ball, location: 2F
2-2: Strikes out swinging
Pitching: RHP Luis Ramírez
Batting: LHB Ralph Cobb 0-0: Foul Ball, location: 2F
0-1: Foul Ball, location: 2F
0-2: Ball
1-2: Ball
2-2: Ball
3-2: Strikes out swinging
Bottom of the 6th over - 1 run(s), 2 hit(s), 0 error(s), 1 left on base; Culver City 7 - Casper 4
TOP OF THE 7TH
Culver City Extras batting - Pitching for Casper Ghosts : RHP Ray Adams
Batting: LHB Collin Smith 0-0: Fly out, F9 (Flyball, 9LD)
Batting: RHB Ramón Molina 0-0: Ball
1-0: Ball
2-0: Called Strike
2-1: Swinging Strike
2-2: Ball
3-2: Foul Ball, location: 2F
3-2: Base on Balls
Batting: LHB Richard Bell 0-0: Called Strike
0-1: Swinging Strike
0-2: SINGLE (Line Drive, 9S)
Ramón Molina to second
Pitching: LHP Luis Alemán
Batting: LHB Jorge Martínez 0-0: Ball
1-0: Foul Ball, location: 2F
1-1: Foul Ball, location: 2F
1-2: Ball
2-2: Strikes out looking
Pitching: RHP Vaughn Stanley
Batting: LHB Francisco Chavero 0-0: Ball
1-0: Called Strike
1-1: Ball
Wild Pitch!
Ramón Molina to third
Richard Bell to second
2-1: SINGLE (Groundball, 56D)
Ramón Molina scores
Richard Bell to third
Runner from 3rd tries for Home, SAFE, no throw
Batting: RHB Augusto Trevino 0-0: Swinging Strike
0-1: Ball
1-1: Ball
2-1: Ball
3-1: Swinging Strike
3-2: Strikes out looking
Top of the 7th over - 2 run(s), 2 hit(s), 0 error(s), 1 left on base; Culver City 9 - Casper 4
BOTTOM OF THE 7TH
Casper Ghosts batting - Pitching for Culver City Extras : RHP Luis Ramírez
Batting: RHB James Jenkins 0-0: Fly out, F7 (Flyball, 7)
Batting: LHB Ramón Córdova 0-0: Foul Ball, location: 2F
0-1: Ball
1-1: Foul Ball, location: 2F
1-2: Foul Ball, location: 2F
1-2: Ball
2-2: Ball
3-2: Strikes out swinging
Batting: SHB Dave Henley 0-0: Called Strike
0-1: SINGLE (Groundball, 6MD)
Batting: RHB Juan García 0-0: Called Strike
0-1: Swinging Strike
0-2: Ball
Dave Henley is caught stealing 2nd base
Bottom of the 7th over - 0 run(s), 1 hit(s), 0 error(s), 0 left on base; Culver City 9 - Casper 4
TOP OF THE 8TH
Culver City Extras batting - Pitching for Casper Ghosts : RHP Vaughn Stanley
Batting: RHB Artie Pennington 0-0: Ball
1-0: DOUBLE (Line Drive, 7LD)
Batting: SHB Juan Carlos Mesa 0-0: Called Strike
0-1: Ball
1-1: Ball
2-1: Called Strike
2-2: Foul Ball, location: 2F
2-2: SINGLE (Groundball, 6D)
Artie Pennington to third
Batting: RHB Eugene Booth 0-0: Ball
1-0: Swinging Strike
1-1: Fly out, F7 (Flyball, 7)
Runner from 3rd tags up, SCORES, throw made
Batting: LHB Collin Smith 0-0: Called Strike
0-1: Fielders Choice at 2nd, 4-6 (Groundball, 34)
Batting: RHB Ramón Molina 0-0: Called Strike
0-1: Foul Ball, location: 2F
0-2: Ball
1-2: Strikes out swinging
Top of the 8th over - 1 run(s), 2 hit(s), 0 error(s), 1 left on base; Culver City 10 - Casper 4
BOTTOM OF THE 8TH
Casper Ghosts batting - Pitching for Culver City Extras : RHP Luis Ramírez
Batting: RHB Juan García 0-0: Ball
1-0: Foul Ball, location: 2F
1-1: Foul Ball, location: 2F
1-2: Ball
2-2: Strikes out looking
Batting: RHB Wilfred Martin 0-0: Ball
1-0: Ball
2-0: Ball
3-0: Base on Balls
Batting: SHB José González 0-0: Ball
1-0: Fly out, F9 (Flyball, 89M)
Batting: RHB Robert Acosta 0-0: Called Strike
0-1: SINGLE (Line Drive, 7LM)
Wilfred Martin to second
Batting: RHB Hunter Plunket 0-0: Ball
1-0: Fielders Choice at 2nd, 5-4 (Groundball, 56)
Bottom of the 8th over - 0 run(s), 1 hit(s), 0 error(s), 1 left on base; Culver City 10 - Casper 4
TOP OF THE 9TH
Culver City Extras batting - Pitching for Casper Ghosts : RHP Vaughn Stanley
Batting: LHB Richard Bell 0-0: Fly out, F8 (Flyball, 8LS)
Batting: LHB Jorge Martínez 0-0: Ball
1-0: Called Strike
1-1: Foul Ball, location: 2F
1-2: Ball
2-2: Strikes out swinging
Batting: LHB Francisco Chavero 0-0: Ball
1-0: Foul Ball, location: 2F
1-1: Ball
2-1: Swinging Strike
2-2: Ball
3-2: Foul Ball, location: 2F
3-2: Foul Ball, location: 2F
3-2: Base on Balls
Batting: RHB Augusto Trevino 0-0: Ball
1-0: Called Strike
1-1: Ball
2-1: Swinging Strike
2-2: Ball
3-2: Strikes out swinging
Top of the 9th over - 0 run(s), 0 hit(s), 0 error(s), 1 left on base; Culver City 10 - Casper 4
BOTTOM OF THE 9TH
Casper Ghosts batting - Pitching for Culver City Extras : RHP Luis Ramírez
Batting: LHB Ralph Cobb 0-0: Fly out, F9 (Flyball, 9LM)
Batting: RHB James Jenkins 0-0: Called Strike
0-1: Foul Ball, location: 2F
0-2: Ball
1-2: Ball
2-2: Strikes out looking
Batting: LHB Ramón Córdova 0-0: Ball
1-0: Ball
2-0: Ball
3-0: Called Strike
3-1: Called Strike
3-2: Base on Balls
Batting: SHB Dave Henley 0-0: Ball
1-0: Called Strike
1-1: DOUBLE (Flyball, 89D)
Ramón Córdova to third
Runner from 3rd tries for Home, throw and OUT!
Bottom of the 9th over - 0 run(s), 1 hit(s), 0 error(s), 1 left on base; Culver City 10 - Casper 4
Tuesday, August 8th, 2017 - OOTP Baseball 17.12 Build 75